 Dungeon Crawl Stone Soup version 0.24-a0-715-g0b739ee41d (webtiles) character file.

Game seed: 6015095775951420145, levelgen mode: deterministic

1948 Analysis the Archer (level 8, 0/69 HPs)
             Began as a Centaur Hunter on Sept 30, 2019.
             Was a Believer of Okawaru.
             Shot with an arrow by a centaur (7 damage)
             ... on level 7 of the Dungeon.
             The game lasted 00:45:02 (9416 turns).

Analysis the Archer (Centaur Hunter)                Turns: 9416, Time: 00:45:03

Health: 0/69       AC:  9    Str: 14    XL:     8   Next: 98%
Magic:  8/9        EV: 13    Int: 13    God:    Okawaru [**....]
Gold:   338        SH:  0    Dex: 11    Spells: 7/7 levels left

rFire    + . .     SeeInvis .   a - +1 shortbow
rCold    . . .     Gourm    .   (shield currently unavailable)
rNeg     . . .     Faith    .   A - +2 leather armour {rF+}
rPois    .         Spirit   .   (no helmet)
rElec    .         Reflect  .   w - +0 cloak (curse)
rCorr    .         Harm     .   (no gloves)
MR       .....                  (no barding)
Stlth    ++........             (no amulet)
HPRegen  0.21/turn              l - -2 ring of strength (curse)
MPRegen  0.11/turn              y - +3 ring of intelligence

@: lethally poisoned (0 -> 0), heroism, very quick
A: large, hooves 3, deformed body, speed 2, tough skin 3
a: Heroism, Renounce Religion


You were on level 7 of the Dungeon.
You worshipped Okawaru.
Okawaru was pleased with you.
You were not hungry.

You visited 1 branch of the dungeon, and saw 7 of its levels.

You collected 338 gold pieces.

Inventory:

Hand Weapons
 a - a +1 shortbow (weapon)
 b - a +0 short sword
Missiles
 d - 48 arrows (quivered)
Armour
 r - a +0 plate armour
 w - a cursed +0 cloak (worn)
 x - a +0 cloak
 A - a +2 leather armour of fire resistance (worn)
Jewellery
 l - a cursed -2 ring of strength (left hand)
 y - a +3 ring of intelligence (right hand)
 D - an uncursed ring of stealth {unknown}
Wands
 h - a wand of acid (5)
Scrolls
 c - 2 scrolls of identify {unknown}
 k - 4 scrolls of teleportation {unknown}
 m - 2 scrolls of amnesia {unknown}
 p - a scroll of fog {unknown}
 q - 3 scrolls of remove curse {unknown}
 t - 2 scrolls of enchant weapon {unknown}
 u - 2 scrolls of enchant armour {unknown}
 v - a scroll of fear {unknown}
 C - a scroll of noise {unknown}
Potions
 e - 2 potions of lignification {unknown}
 g - a potion of ambrosia {unknown}
 i - 2 potions of invisibility {unknown}
 j - a potion of brilliance {unknown}
 n - 2 potions of magic {unknown}
 o - 2 potions of curing {unknown}
 s - a potion of might {unknown}
 z - a potion of flight {unknown}
 B - 2 potions of berserk rage {unknown}
Comestibles
 f - 10 rations
 E - a chunk of flesh


   Skills:
 + Level 5.4(10.4) Fighting
 * Level 10.7(15.7) Bows
 + Level 3.6(8.6) Armour
 - Level 4.0(9.0) Dodging
 - Level 0.4(5.4) Stealth
 + Level 2.6 Invocations


You had 7 spell levels left.
You didn't know any spells.
Your spell library contained the following spells:

 Spells                   Type           Power        Failure   Level  Hunger
 Confusing Touch          Hex            #.....       36%         1    ##.....
 Confuse                  Hex            #.......     73%         3    ####...
 Gell's Gravitas          Tloc           #.........   73%         3    ####...
 Petrify                  Tmut/Erth      #.......     98%         4    #####..
 Metabolic Englaciation   Hex/Ice        #.........   100%        5    ######.
 Yara's Violent Unravell  Hex/Tmut       #.........   100%        5    ######.


Dungeon Overview and Level Annotations

Branches:
Dungeon (7/15)
 Temple: D:4-7

Altars:
Fedhas
Nemelex Xobeh
Okawaru
Ru


Innate Abilities, Weirdness & Mutations

You have hooves in place of feet.
Armour fits poorly on your strangely shaped body.
You cover ground very quickly.
You have extremely tough skin. (AC +3)


Message History

The orc warrior hits you from afar with a +0 trident!
* * * LOW HITPOINT WARNING * * *
The bullfrog hits you but does no damage.
The bullfrog hits you but does no damage.
You feel sick.
You feel yourself speed up.
The orc warrior throws a curare-tipped dart.
The curare-tipped dart misses you.
The bullfrog hits you but does no damage.
You feel sick.
You feel sick.
There is a stone staircase leading down here.
You feel sick. The bullfrog misses you. The bullfrog closely misses you.
You climb downwards.
A sky beast and a centaur come into view.
Found 9 gold pieces, 5 boomerangs and a shiny ring mail.
There is a stone staircase leading up here.
The centaur wields a +0 shortbow.
The centaur shoots an arrow.
The arrow hits you!
You die...

## [Y #.
###. (..
#.########
#.@$.....c
#..F########
#.#. # #. #.
#. #. ..


You could see a sky beast (sleeping), a bullfrog and a centaur.

Vanquished Creatures
  An orc warrior (D:4)
  3 phantoms
  A centaur (D:5)
  An ogre (D:4)
  A bullfrog (D:5)
  4 scorpions
  4 wights (D:3)
  A howler monkey (D:4)
  A crimson imp (D:4)
  3 hounds
  An orc priest (D:4)
  A centaur skeleton (D:6)
  4 iguanas
  Natasha (thrice) (D:2)
  10 orc wizards
  3 worker ants
  6 adders
  3 gnolls (D:3)
  A shadow imp (D:5)
  An ooze (D:4)
  An adder skeleton (D:4)
  An adder zombie (D:5)
  6 worms
  A dart slug (D:2)
  6 leopard geckos
  29 orcs
  8 bats
  7 giant cockroaches
  4 goblins
  7 hobgoblins
  9 jackals
  3 quokkas
  4 frilled lizards
  8 kobolds
  A quokka skeleton (D:5)
  10 rats
158 creatures vanquished.

Notes
Turn   | Place    | Note
-------+----------+-------------------------------------------
     0 | D:1      | Analysis the Centaur Hunter began the quest for the Orb.
     0 | D:1      | Reached XP level 1. HP: 17/17 MP: 1/1
   359 | D:1      | Reached XP level 2. HP: 24/24 MP: 2/2
  1432 | D:2      | Reached XP level 3. HP: 25/30 MP: 3/3
  1794 | D:2      | Reached skill level 6 in Bows
  1839 | D:2      | Noticed Natasha
  1845 | D:2      | Killed Natasha
  1845 | D:2      | Reached XP level 4. HP: 30/37 MP: 4/4
  2048 | D:2      | Reached skill level 1 in Armour
  2226 | D:2      | Noticed Natasha
  2236 | D:2      | Killed Natasha
  2734 | D:2      | Noticed Natasha
  2738 | D:2      | Killed Natasha
  3159 | D:3      | Reached XP level 5. HP: 43/44 MP: 5/5
  3751 | D:3      | Reached skill level 7 in Bows
  3893 | D:3      | Found a sacrificial altar of Ru.
  4048 | D:3      | Reached XP level 6. HP: 51/51 MP: 6/6
  4730 | D:3      | Reached skill level 8 in Bows
  5194 | D:3      | Found an iron altar of Okawaru.
  5301 | D:3      | Became a worshipper of Warmaster Okawaru
  5556 | D:4      | Reached XP level 7. HP: 58/58 MP: 7/7
  6388 | D:4      | Reached skill level 9 in Bows
  6533 | D:4      | Reached * piety under Okawaru
  6722 | D:5      | Entered Level 5 of the Dungeon
  6796 | D:4      | Reached XP level 8. HP: 67/67 MP: 8/8
  8003 | D:5      | Reached skill level 1 in Invocations
  8160 | D:5      | Found a sparkling altar of Nemelex Xobeh.
  8175 | D:5      | Reached skill level 10 in Bows
  8190 | D:5      | Reached skill level 5 in Fighting
  8912 | D:6      | Reached ** piety under Okawaru
  9228 | D:6      | Found a blossoming altar of Fedhas.
  9416 | D:7      | Shot with an arrow by a centaur

Levels and vault maps discovered:
D:1:      roderic_dead_forest, layout_basic
D:2:      layout_basic, kennysheep_generic_room_15, uniq_natasha
D:3:      minmay_angry_zag, layout_basic, okawaru_altar_gauntlet_db,
          lemuel_crystal_altar
D:4:      layout_loops_cross, first_ration
D:5:      layout_cave_pools, nemelex_xobeh_ov_fountains_minmay
D:6:      layout_loops_ring, fedhas_altar_4, nicolae_overflow_crystal_walls,
          old_standard_altar, kiku_gazebo_pond_becter
D:7:      kennysheep_six_static_rooms, layout_loops_ring,
          gammafunk_temple_overflow_wave, minmay_temple_entry_offerings,
          trog_wizard

Skill      XL: |  1  2  3  4  5  6  7  8 |
---------------+-------------------------+-----
Bows           | 6 7 8 9 10 | 10.7
Armour         | 1 2 3 |  3.6
Dodging        | 2 3 4 |  4.0
Fighting       | 3 4 5 |  5.4
Invocations    | 2 |  2.6
Stealth        | |  0.4

Action                   |  1- 3 |  4- 6 |  7- 9 || total
-------------------------+-------+-------+-------++-------
Melee: Short sword       |   128 |   216 |   153 ||   497
       Kick              |    17 |    44 |    28 ||    89
 Fire: Shortbow          |     5 |   121 |   263 ||   389
Invok: Heroism           |       |       |     1 ||     1
  Eat: Chunk             |     2 |    10 |     8 ||    20
       Ration            |       |       |     1 ||     1
Armor: Leather armour    |     7 |       |    72 ||    79
       Chain mail        |    99 |   180 |    12 ||   291
Dodge: Dodged            |    37 |    74 |    98 ||   209

Table legend:
 A = Non-vault XP
 B = Vault XP
 C = Vault XP percentage of total XP
 D = Non-vault monster count
 E = Vault monster count
 F = Vault count percentage of total count
                 A         B        C        D         E       F
            +---------+---------+-------+---------+---------+-------
      Total |    2676 |     107 |   3.8 |     139 |      19 |  12.0
            +---------+---------+-------+---------+---------+-------
        D:1 |      31 |       0 |   0.0 |      18 |       0 |   0.0
        D:2 |     125 |      39 |  23.8 |      15 |       3 |  16.7
        D:3 |     456 |      68 |  13.0 |      40 |      16 |  28.6
        D:4 |    1021 |       0 |   0.0 |      42 |       0 |   0.0
        D:5 |     596 |       0 |   0.0 |      15 |       0 |   0.0
        D:6 |     447 |       0 |   0.0 |       9 |       0 |   0.0
            +---------+---------+-------+---------+---------+-------
